 Dungeon Crawl Stone Soup version 0.29-a0-90-gc37658a0fe (webtiles) character file.

Game seed: 10437666352533941652

41 soggyman666 the Ruffian (level 3, -1/37 HPs)
             Began as a Troll Monk on Feb 6, 2022.
             Slain by a gnoll (12 damage)
             ... on level 2 of the Dungeon.
             The game lasted 00:01:44 (1001 turns).

soggyman666 the Ruffian (Troll Monk)                Turns: 1001, Time: 00:01:47

Health: -1/37      AC:  5    Str: 21    XL:     3   Next: 32%
Magic:  2/2        EV: 10    Int:  6    God:
Gold:   68         SH:  0    Dex: 12    Spells: 2/2 levels left

rFire   . . .      SeeInvis .     - Unarmed
rCold   . . .      Faith    .   (no shield)
rNeg    . . .      Spirit   .   a - +0 robe
rPois   .          Reflect  .   (helmet restricted)
rElec   .          Harm     .   e - +0 cloak
rCorr   .          Rampage  .   (gloves unavailable)
Will    .....                   (boots unavailable)
Stlth   ++........              (no amulet)
HPRegen 0.92/turn               (no ring)
MPRegen 0.08/turn               (no ring)

@: no status effects
A: large, unfitting armour, claws 3, regeneration 1, shaggy fur 1, tough skin 1
a: no special abilities


You were on level 2 of the Dungeon.
You visited 1 branch of the dungeon, and saw 2 of its levels.

You collected 68 gold pieces.

Inventory:

Armour
 a - a +0 robe (worn)
 e - a +0 cloak (worn)
Scrolls
 c - a scroll of fog {unknown}
 f - a scroll of magic mapping {unknown}
Potions
 b - a potion of ambrosia
 d - 2 potions of curing {unknown}


   Skills:
 + Level 3.0 Fighting
 + Level 2.6 Dodging
 + Level 1.1 Stealth
 + Level 3.6 Unarmed Combat


You had 2 spell levels left.
You didn't know any spells.
Your spell library was empty.

Dungeon Overview and Level Annotations

Branches:
Dungeon (2/15)

Altars:

Shops:
D:1 !


Innate Abilities, Weirdness & Mutations

You are too large for most types of armour.
You have claws for hands.
Your natural rate of healing is unusually fast.
You are covered in fur. (AC +1)
You have tough skin. (AC +1)


Message History

You see here a +0 leather armour.
f - a scroll labelled KAS ERRISIOM You now have 68 gold pieces (gained 16).
Found an escape hatch in the ceiling.
There is an escape hatch in the ceiling here.
A rat comes into view.
A dart slug comes into view.
The rat misses you.
You barely miss the rat. The rat bites you but does no damage.
You scratch the rat.
You kill the rat!
You see here a rat corpse.
A gnoll comes into view. It is wielding a +0 halberd.
The gnoll shouts!
You hear a shout!
The dart slug launches a dart at you. The slug dart hits you.
A gnoll comes into view. It is wielding a +0 spear.
A gnoll comes into view. It is wielding a +0 flail.
An endoplasm comes into view.
The dart slug bites you.
You claw the dart slug!
You kill the dart slug!
The gnoll barely misses you.
Your Fighting skill increases to level 3!
The gnoll hits you from afar with a +0 spear.
You see here a dart slug corpse.
You scratch the gnoll.
The gnoll is moderately wounded.
The gnoll hits you but does no damage. The gnoll closely misses you.
You scratch the gnoll but do no damage.
The gnoll is moderately wounded.
The gnoll closely misses you. The gnoll hits you with a +0 flail.
The gnoll hits you with a +0 halberd.
You closely miss the gnoll.
The gnoll is moderately wounded.
The gnoll hits you from afar with a +0 spear!
The gnoll hits you with a +0 flail.
* * * LOW HITPOINT WARNING * * *
The gnoll hits you with a +0 halberd!
You die...

##### ...#
...# #..#
##..# ##..g#
##..Jg#
#...g@#
#.....#
##....#
##...# ..
##.†#
....##..#
........#####
............#
###########.#


You could see 3 gnolls and an endoplasm.

Vanquished Creatures
  2 dart slugs
  2 bats (D:1)
  An endoplasm (D:1)
  2 giant cockroaches (D:1)
  4 goblins (D:1)
  5 hobgoblins (D:1)
  7 jackals (D:1)
  A quokka (D:1)
  A ball python (D:1)
  A frilled lizard (D:1)
  A kobold (D:1)
  4 rats
31 creatures vanquished.

Notes
Turn   | Place    | Note
-------+----------+-------------------------------------------
     0 | D:1      | soggyman666 the Troll Monk began the quest for the Orb.
     0 | D:1      | Reached XP level 1. HP: 22/22 MP: 0/0
   126 | D:1      | Reached XP level 2. HP: 28/29 MP: 1/1
   253 | D:1      | Found a faded altar of an unknown god.
   311 | D:1      | Reached XP level 3. HP: 36/36 MP: 2/2
   667 | D:1      | Found Juipint's Distillery.
  1001 | D:2      | Slain by a gnoll

Illustrated notes

Levels and vault maps discovered:
D:1:      sevenhm_arrival_forest_fort_large_2, layout_basic, serial_shops, shop,
          dreamdust_ecumenical_altar_statues, hangedman_decor_points
D:2:      layout_loops_ring, minivault_19, chequers_serial_rivers_micro_a,
          chequers_serial_rivers_micro_d, guppyfry_early_orc_mine

Skill      XL: |  1  2  3 |
---------------+----------+-----
Fighting       | 3 |  3.0
Dodging        | |  2.6
Stealth        | |  1.1
Unarmed Combat | |  3.6

Action                   || total
-------------------------++-------
Melee: Unarmed           ||    80
       Punch             ||     3
  Use: Scroll            ||     2
 Stab: Sleeping          ||     1
Armor: Robe              ||    33
Dodge: Dodged            ||    54

Table legend: (Time is in decaauts)
 A = Elapsed time spent in this place.
 B = Non-inter-level travel time spent in this place.
 C = Inter-level travel time spent in this place.
 D = Time resting spent in this place.
 E = Time spent auto-exploring this place.
 F = Levels seen in this place.
 G = Mean time per level.
                   A        B        C        D        E       F      G
               +--------+--------+--------+--------+--------+-----+--------+
         Total |    997 |    889 |    108 |      0 |    712 |   2 |  498.5 |
       Dungeon |    997 |    889 |    108 |      0 |    712 |   2 |  498.5 |
               +--------+--------+--------+--------+--------+-----+--------+

Top non-repeatable levels by time:
     D:1: 931 daAuts
     D:2: 65 daAuts
